 Dungeon Crawl Stone Soup version 0.27.1-2-g3b301248ec (webtiles) character file.

Game seed: 2707128363317555941

37 Kold the Insei (level 3, -1/23 HPs)
             Began as an Octopode Transmuter on Oct 1, 2021.
             Splashed by Ijyb's acid (10 damage)
             ... on level 1 of the Dungeon.
             The game lasted 00:01:47 (1166 turns).

Kold the Insei (Octopode Transmuter)                Turns: 1166, Time: 00:01:48

Health: -1/23      AC: -3    Str:  9    XL:     3   Next: 41%
Magic:  11/15      EV: 13    Int: 16    God:
Gold:   64         SH:  0    Dex: 12    Spells: 0/6 levels left

rFire    . . .     SeeInvis .     - Unarmed
rCold    . . .     Faith    .   (no shield)
rNeg     . . .     Spirit   .   (helmet currently unavailable)
rPois    .         Reflect  .   (no amulet)
rElec    .         Harm     .   c - ring of magical power
rCorr    .         Rampage  .   (no ring)
Will     .....                  (no ring)
Stlth    ++........             (no ring)
HPRegen  0.07/turn              (no ring)
MPRegen  0.14/turn              (no ring)
                                (no ring)
                                (no ring)

@: appendages, wereblooded, corroded, very slightly contaminated
A: tentacle spike 3, almost no armour, amphibious, 8 rings, camouflage 1,
gelatinous body 1, (nimble swimmer 1), tentacles
a: End Transformation


You were on level 1 of the Dungeon.
One of your tentacles had grown a beastly spike.
You visited 1 branch of the dungeon, and saw 2 of its levels.

You collected 64 gold pieces.

Inventory:

Jewellery
 c - a ring of magical power (left tentacle)
Scrolls
 a - a scroll of amnesia {unknown}
 b - 2 scrolls of identify {unknown}


   Skills:
 - Level 1.0 Fighting
 - Level 2.0 Dodging
 + Level 3.6 Unarmed Combat
 - Level 2.0 Spellcasting
 + Level 2.9 Transmutations
 * Level 0.6 Poison Magic


You couldn't memorise any spells.
You knew the following spells:

 Your Spells              Type           Power      Damage    Failure   Level
a - Beastly Appendage     Tmut           22%        N/A       6%          1
b - Wereblood             Tmut           11%        N/A       10%         2
c - Spider Form           Tmut/Pois      3%         N/A       30%         3

Your spell library contained the following spells:

 Spells                   Type           Power      Damage    Failure   Level
 Summon Small Mammal      Summ           4%         N/A       21%         1
 Call Canine Familiar     Summ           1%         N/A       52%         3
 Summon Guardian Golem    Hex/Summ       1%         N/A       52%         3
 Ice Form                 Ice/Tmut       6%         N/A       75%         4


Dungeon Overview and Level Annotations

Branches:
Dungeon (2/15)

Altars:

Shops:
D:1 =?

Annotations:
D:1 Ijyb


Innate Abilities, Weirdness & Mutations

One of your tentacles has grown a beastly spike.
You cannot wear most types of armour.
You are amphibious.
You can wear up to eight rings at the same time.
Your skin changes colour to match your surroundings (Stealth+).
Your rubbery body absorbs attacks. (AC +1, EV +1)
((You are camouflaged near water. (Stealth+)))
You have tentacles for arms and can constrict up to eight enemies at once.


Message History

The goblin shouts! x2
Found a scroll labelled BOYNYA WAUCH.
The goblin hits you with a +0 dagger. Ijyb screams, "Me stronger than you!"
An endoplasm comes into view.
There is a stone staircase leading up here.
Casting: Beastly Appendage (safe; 6% risk of failure)
Confirm with . or Enter, or press ? or * to list all spells.
One of your tentacles grows a vicious spike.
The goblin hits you with a +0 dagger.
Casting: Beastly Appendage (safe; 6% risk of failure)
Confirm with . or Enter, or press ? or * to list all spells.
You miscast Wereblood.
You are very lightly contaminated with residual magic.
Nothing appears to happen.
The goblin barely misses you. The goblin hits you with a +0 dagger.
You tentacle-slap the goblin. You grab the goblin.
You pierce the goblin.
You kill the goblin!
The goblin hits you but does no damage.
Casting: Wereblood (safe; 10% risk of failure)
Confirm with . or Enter, or press ? or * to list all spells.
Your blood is infused with primal strength.
You barely miss the goblin. Your grab misses the goblin.
You pierce the goblin.
You feel a bit better.
You kill the goblin!
The goblin hits you but does no damage. The goblin closely misses you.
The goblin misses you.
You climb upwards.
There is a stone staircase leading down here.
You tentacle-slap Ijyb. You grab Ijyb.
Your tentacle spike misses Ijyb.
You tentacle-slap Ijyb, but do no damage.
You squeeze Ijyb.
Ijyb is moderately wounded.
You constrict Ijyb.
Ijyb zaps a wand.
The bolt of acid misses you. The goblin hits you with a +0 club. x2
You tentacle-slap Ijyb.
You pierce Ijyb.
You squeeze Ijyb.
Ijyb is heavily wounded.
You constrict Ijyb, but do no damage.
Ijyb zaps a wand.
The bolt of acid hits you. The acid corrodes you!
You are splashed with acid!
You die...

#......###.#............<......
#.......##...##..#.............
#..∩........####........>.....(
######..#..## ##..####.......>.
##....# #..###.........(.
##....####.###..####......
#..........###.#####......
####.#....#.gg........[...##.
#....#.....g@#...........###.
#........###.###......#...##^
##.......###...#.........>...
#.##.#......................
#.#....##............#......
##.#...###...................
#[................#####÷.....
#.##.#####........# #.......
#.##.# #..........# #.......


You could see Ijyb and 2 goblins.

Vanquished Creatures
  A gnoll (D:1)
  A worm (D:2)
  2 ball pythons
  2 bats (D:1)
  6 endoplasms
  4 goblins
  2 hobgoblins (D:1)
  2 kobolds
  A frilled lizard (D:2)
21 creatures vanquished.

Vanquished Creatures (others)
  3 plants (D:1)
3 creatures vanquished.

Grand Total: 24 creatures vanquished

Notes
Turn   | Place    | Note
-------+----------+-------------------------------------------
     0 | D:1      | Kold the Octopode Transmuter began the quest for the Orb.
     0 | D:1      | Reached XP level 1. HP: 13/13 MP: 3/3
    27 | D:1      | Found Puon Uve's Jewellery Shoppe.
    70 | D:1      | Found Gegg's Magic Scroll Shop.
   245 | D:1      | Reached XP level 2. HP: 18/18 MP: 3/5
   275 | D:1      | Learned a level 2 spell: Wereblood
   499 | D:1      | Reached XP level 3. HP: 18/23 MP: 4/6
   617 | D:1      | Found a faded altar of an unknown god.
   639 | D:1      | Learned a level 3 spell: Spider Form
  1137 | D:2      | Noticed Ijyb
  1166 | D:1      | Splashed by Ijyb's acid

Illustrated notes

Levels and vault maps discovered:
D:1:      wander_arrival_peaceful_grave, layout_rooms,
          dreamdust_ecumenical_altar_hidden_monk_grotto, serial_shops, shop,
          shop, serial_bayou_pond_c, due_unseen_surprise
D:2:      kennysheep_the_goblin_king, layout_loops_ring,
          chequers_serial_rivers_small_3, uniq_terence

Action                   || total
-------------------------++-------
Melee: Unarmed           ||    54
       Kick              ||    18
       Constrict         ||    13
       Tentacles         ||    12
       Punch             ||     4
 Cast: Beastly Appendage ||    11
       Wereblood         ||     1
 Stab: Sleeping          ||     1
Armor: Skin              ||     6
Dodge: Dodged            ||    28
